 Dungeon Crawl Stone Soup version 0.21-a0-221-gfe971b9 (webtiles) character file.

121 Maesen the Vexing (level 4, -2/21 HPs)
             Began as a Spriggan Enchanter on Aug 26, 2017.
             Killed from afar by an orc wizard (4 damage)
             ... with a magic dart
             ... on level 3 of the Dungeon.
             The game lasted 00:08:16 (4001 turns).

Maesen the Vexing (Spriggan Enchanter)              Turns: 4001, Time: 00:08:17

Health: -2/21      AC:  3    Str:  4    XL:     4   Next: 76%
Magic:  0/11       EV: 21    Int: 17    God:
Gold:   121        SH:  0    Dex: 16    Spells: 3/12 levels left

rFire    . . .     SeeInvis +   a - +2 dagger
rCold    + . .     Gourm    .   (shield restricted)
rNeg     . . .     Faith    .   b - +1 robe
rPois    .         Spirit   .   (helmet restricted)
rElec    .         Reflect  .   (no cloak)
rCorr    .         Harm     .   (gloves unavailable)
MR       .....                  (boots unavailable)
Stlth    +++.......             (no amulet)
HPRegen  0.07/turn              e - +3 ring of evasion
MPRegen  0.12/turn              g - ring of protection from cold

@: very slightly contaminated, very quick
A: unfitting armour, see invisible, herbivore 3, speed 3, slow metabolism 2
a: no special abilities


You were on level 3 of the Dungeon.
You were not hungry.

You visited 1 branch of the dungeon, and saw 3 of its levels.

You collected 121 gold pieces.

Inventory:

Hand Weapons
 a - a +2 dagger (weapon)
Armour
 b - a +1 robe (worn)
Jewellery
 e - a +3 ring of evasion (left hand)
 g - a ring of protection from cold (right hand)
Scrolls
 f - 6 scrolls of remove curse
Potions
 m - a potion of magic
Books
 c - a book of Maledictions

   Spells                             Type                      Level
   a - Corona                         Hexes                        1
   b - Ensorcelled Hibernation        Hexes/Ice                    2
   c - Confuse                        Hexes                        3
   d - Tukima's Dance                 Hexes                        3
   e - Dazzling Spray                 Conjuration/Hexes            3
Comestibles
 d - 3 bread rations
 i - 2 royal jellies


   Skills:
 - Level 1.1 Short Blades
 - Level 3.0 Dodging
 - Level 4.4 Stealth
 + Level 4.8 Spellcasting
 + Level 5.2 Hexes


You had 3 spell levels left.
You knew the following spells:

 Your Spells              Type           Power        Failure   Level  Hunger
a - Ensorcelled Hibernat  Hex/Ice        ##....       8%          2    #......
b - Corona                Hex            ###....      1%          1    None
c - Confuse               Hex            ###.....     4%          3    ###....
d - Tukima's Dance        Hex            ###.....     4%          3    ###....


Dungeon Overview and Level Annotations

Branches:
Dungeon (3/15)

Altars:


Innate Abilities, Weirdness & Mutations

You are very small and have problems with some larger weapons.
You are too small for most types of armour.
You have supernaturally acute eyesight. (SInv)
You are a herbivore.
You cover ground extremely quickly.
You need consume almost no food.


Message History

The orc wizard resists with significant effort.
The orc wizard hits you with a dagger.
* * * LOW HITPOINT WARNING * * *
The orc wizard hits you with a dagger.
* * * LOW HITPOINT WARNING * * *
The orc wizard mumbles some strange words.
The orc wizard blinks!
The orc wizard hits you with a dagger.
* * * LOW HITPOINT WARNING * * *
Casting: Confuse
Confirm with . or Enter, or press ? or * to list all spells.
Aiming: Confuse
Press: ? - help, Shift-Dir - straight line, f/p - orc wizard
Aim: an orc wizard, wielding a dagger and wearing a robe (lightly wounded, fast, chance to defeat MR: 51%)
The orc wizard resists with significant effort.
The orc wizard is no longer moving quickly.
The orc wizard casts a spell.
The orc wizard blinks!
The orc wizard casts a spell at you. The magic dart hits you!
You die...

......og..#.## #...#
...)..###....## ##...# .....
##....##########....# ####
#..#...#........<..###
#.###.....####.######. #)#
#..)...........##. #o#
###)..##.#####....
#.#####)#....##.......
#######.##o@..#.......#####.
#.................ยง#####>...
##...#..#######.##.####..##.
#...#.## #.##..........
##..#.##### ##.............
#........###..#.#.###.....
##.................###.....
#....#........##.#.........
#.........##.###.####......


You could see an orc wizard.

Vanquished Creatures
  An orc wizard (D:3)
  An adder (D:2)
  An ooze (D:2)
  4 worms
  A dart slug (D:1)
  A leopard gecko (D:1)
  5 orcs (D:3)
  2 giant cockroaches
  7 goblins
  8 hobgoblins
  4 jackals (D:1)
  2 quokkas
  6 bats
  4 frilled lizards
  11 kobolds
  3 rats (D:2)
61 creatures vanquished.

Vanquished Creatures (collateral kills)
  An orc (D:3)
1 creature vanquished.

Grand Total: 62 creatures vanquished

Notes
Turn   | Place    | Note
-------+----------+-------------------------------------------
     0 | D:1      | Maesen the Spriggan Enchanter began the quest for the Orb.
     0 | D:1      | Reached XP level 1. HP: 9/9 MP: 5/5
   344 | D:1      | Reached skill level 4 in Hexes
   344 | D:1      | Reached XP level 2. HP: 13/13 MP: 7/7
   348 | D:1      | Learned a level 2 spell: Ensorcelled Hibernation
  1234 | D:1      | Reached XP level 3. HP: 15/16 MP: 1/8
  1239 | D:1      | Learned a level 3 spell: Confuse
  1916 | D:2      | Learned a level 3 spell: Tukima's Dance
  2784 | D:2      | Reached XP level 4. HP: 20/21 MP: 11/11
  3237 | D:3      | Reached skill level 5 in Hexes
  4001 | D:3      | Killed from afar by an orc wizard

Vault maps used:
D:1:      evilmike_arrival_run_for_it
D:2:      first_bread
D:3:      okawaru_altar_gauntlet_db, lemuel_doored_altar, uniq_natasha

Skill      XL: |  1  2  3  4 |
---------------+-------------+-----
Spellcasting   | 3 4 |  4.8
Hexes          | 4 5 |  5.2
Short Blades   | |  1.1
Dodging        | |  3.0
Stealth        | |  4.4

Action                   |  1- 3 |  4- 6 || total
-------------------------+-------+-------++-------
Melee: Dagger            |   155 |    71 ||   226
 Cast: Corona            |     9 |       ||     9
       Ensorcelled Hiber |    24 |    22 ||    46
       Confuse           |     1 |     6 ||     7
       Tukima's Dance    |       |     1 ||     1
  Use: Scroll            |     8 |     2 ||    10
       Potion            |       |     3 ||     3
 Stab: Sleeping          |    24 |     9 ||    33
       Confused          |     1 |     2 ||     3
  Eat: Bread ration      |     1 |       ||     1
Armor: Robe              |     9 |     4 ||    13
Dodge: Dodged            |   145 |    81 ||   226

Table legend:
 A = Spawn XP
 B = Non-spawn XP
 C = Spawn XP percentage of total XP
 D = Spawn monster count
 E = Non-spawn monster count
 F = Spawn count percentage of total count
 G = Total turns spent on level
                    A         B        C        D         E        F      G
               +---------+---------+-------+---------+---------+-------+---------
         Total |      29 |     144 |  16.8 |      12 |      50 |  19.4 |  4001
               +---------+---------+-------+---------+---------+-------+---------
           D:1 |      10 |      38 |  20.8 |       5 |      21 |  19.2 |  1856
           D:2 |      17 |      45 |  27.4 |       6 |      16 |  27.3 |  1659
           D:3 |       2 |      61 |   3.2 |       1 |      13 |   7.1 |   486
               +---------+---------+-------+---------+---------+-------+---------
